Sabres vs Canadiens

Created - October 9 2009 at 18:26

Simulating a Pre-Season

Goals
1 2 3 OT1 T
Sabres 1 1 1 1 4
Canadiens 1 0 2 0 3
Shots
1 2 3 OT1 T
Sabres 11 11 5 4 31
Canadiens 6 11 10 1 28

Period #1

1. Canadiens , Tom Gilbert 1 (Shawn Horcoff) at 2:33 (PP)
2. Sabres , Martin Havlat 1 (Henrik Zetterberg, Ryan Miller) at 11:39

Penalties :
Ossi Vaananen (BUF) for Hooking (Minor) at 2:29, Mike Komisarek (MTL) for Roughing (Minor) at 4:45, Thomas Vanek (BUF) for Holding (Minor) at 14:15, Milan Lucic (MTL) for Holding Stick (Minor) at 17:11, Mike Komisarek (MTL) for Roughing (Minor) at 19:30

Period #2

3. Sabres , Nicklas Lidstrom 2 (Henrik Zetterberg, Martin Havlat) at 6:16 (PP)

Penalties :
Zdeno Chara (BUF) for High sticking (Minor) at 2:37, Francis Bouillon (MTL) for Hooking (Minor) at 5:42, Brent Seabrook (MTL) for Elbowing (Minor) at 13:53, Henrik Zetterberg (BUF) for Goalie Interference (Minor) at 17:28

Period #3

4. Canadiens , Loui Eriksson 2 (Evgeni Malkin, David Booth) at 10:34 (PP)
5. Canadiens , Shawn Horcoff 2 (Tom Gilbert, Loui Eriksson) at 14:09
6. Sabres , Martin Havlat 2 (Henrik Zetterberg) at 14:13

Penalties :
Brent Seabrook (MTL) for Tripping (Minor) at 1:24, Tuomo Ruutu (BUF) for Boarding (Minor) at 4:22, Brent Seabrook (MTL) for Hooking (Minor) at 7:20, Tuomo Ruutu (BUF) for Holding Stick (Minor) at 10:13, Zdeno Chara (BUF) for Hooking (Minor) at 18:27

Overtime #1

7. Sabres , Henrik Zetterberg 3 (Johan Franzen, Nicklas Lidstrom) at 2:14

Penalties :
No Penalty

Goalie Stats

Ryan Miller (BUF), 25 saves from 28 shots - (0.893), W, 4-1-0, 62:15 minutes
Evgeni Nabokov (MTL), 27 saves from 31 shots - (0.871), OTL, 0-3-1, 62:15 minutes

Players Stats

Sabres
Player Name              G  A  P  +/- PIM S  H  SB FO    MP 
------------------------------------------------------------
Blake Comeau             0  0  0   0  0   1  0  0  0/0   5  
Derek Roy                0  0  0   0  0   3  0  0  17/21 18 
Henrik Zetterberg        1  3  4   3  2   5  1  0  21/31 22 
James Sheppard           0  0  0   0  0   0  0  0  1/4   3  
Jiri Novotny             0  0  0   0  0   0  0  0  0/0   1  
Johan Franzen            0  1  1   1  0   9  1  0  0/1   22 
Keith Ballard            0  0  0   0  0   3  7  2  0/0   22 
Mark Streit              0  0  0   1  0   0  2  2  0/0   24 
Martin Havlat            2  1  3   2  0   2  2  0  0/1   19 
Mike Fisher              0  0  0  -1  0   0  2  0  12/21 18 
Nathan Horton            0  0  0  -1  0   0  0  0  0/3   13 
Nicklas Lidstrom         1  1  2   3  0   2  0  3  0/0   23 
Ossi Vaananen            0  0  0  -1  2   0  1  1  0/0   13 
Paul Gaustad             0  0  0  -1  0   0  2  0  1/1   18 
Thomas Vanek             0  0  0   2  2   3  0  0  1/2   18 
Toni Lydman              0  0  0  -1  0   0  2  3  0/0   16 
Tuomo Ruutu              0  0  0   0  4   2  5  0  1/2   19 
Zdeno Chara              0  0  0   2  4   1  0  0  0/0   24 
Canadiens
Player Name              G  A  P  +/- PIM S  H  SB FO    MP 
------------------------------------------------------------
Andrei Markov            0  0  0  -1  0   2  0  1  0/0   19 
Anton Volchenkov         0  0  0   0  0   1  4  1  0/0   16 
Brent Seabrook           0  0  0  -1  6   2  0  0  0/0   22 
David Booth              0  1  1   0  0   4  2  0  1/3   20 
Dustin Brown             0  0  0   0  0   1  2  0  0/2   14 
Evgeni Malkin            0  1  1  -1  0   1  0  0  8/16  20 
Francis Bouillon         0  0  0   0  2   0  1  0  0/0   7  
Jason Pominville         0  0  0   0  0   1  0  0  0/0   18 
Ken Klee                 0  0  0  -1  0   0  0  0  0/0   15 
Loui Eriksson            1  1  2  -1  0   9  0  0  1/2   22 
Maxime Talbot            0  0  0   0  0   0  2  2  4/16  12 
Mike Komisarek           0  0  0  -1  4   0  4  2  0/0   17 
Milan Lucic              0  0  0  -1  2   2  0  0  0/0   15 
Pascal Dupuis            0  0  0   0  0   0  0  0  0/0   0  
Patrik Berglund          0  0  0  -1  0   0  0  0  4/18  15 
R.J. Umberger            0  0  0  -1  0   0  0  0  0/0   19 
Shawn Horcoff            1  1  2   0  0   2  1  0  15/30 21 
Tom Gilbert              1  1  2   0  0   3  0  0  0/0   22 

3 Stars

1 - Martin Havlat (BUF)
2 - Henrik Zetterberg (BUF)
3 - Nicklas Lidstrom (BUF)

Power Play

Sabres - 1 on 7 Attempt(s) - 14.29%
Canadiens - 2 on 7 Attempt(s) - 28.57%

Penalty Kill

Sabres - 5 on 7 Attempt(s) - 71.43% - Score 0 goal in Penalty Kill
Canadiens - 6 on 7 Attempt(s) - 85.71% - Score 0 goal in Penalty Kill

Game Notes

No Game Note

Play by Play

Period #1

0:01 of 1st period - Evgeni Malkin wins face-off versus Henrik Zetterberg in neutral zone.
0:14 of 1st period - Shot by David Booth.
0:14 of 1st period - Stopped by Ryan Miller with a rebound.
0:16 of 1st period - Shot by Brent Seabrook.
0:16 of 1st period - Shot Misses the Net.
0:18 of 1st period - Shot by Andrei Markov.
0:18 of 1st period - Shot Misses the Net.
0:42 of 1st period - Shot by David Booth.
0:42 of 1st period - Shot Blocked by Nicklas Lidstrom.
1:07 of 1st period - Loui Eriksson is hit by Keith Ballard and loses puck.
1:24 of 1st period - Shot by Dustin Brown.
1:24 of 1st period - Stopped by Ryan Miller without a rebound.
1:25 of 1st period - Mike Fisher wins face-off versus Patrik Berglund in Sabres zone.
2:29 of 1st period - Minor Penalty to Ossi Vaananen for Hooking.
2:30 of 1st period - Shawn Horcoff wins face-off versus Henrik Zetterberg in Sabres zone.
2:31 of 1st period - Shot by Tom Gilbert.
2:31 of 1st period - Stopped by Ryan Miller with a rebound.
2:33 of 1st period - Shot by Tom Gilbert.
2:33 of 1st period - Goal by Tom Gilbert - Sabres : 0 - Canadiens : 1.
2:34 of 1st period - Derek Roy wins face-off versus Dustin Brown in neutral zone.
2:36 of 1st period - Johan Franzen is hit by Anton Volchenkov and loses puck.
3:00 of 1st period - Loui Eriksson is hit by Tuomo Ruutu and loses puck.
3:35 of 1st period - Shot by David Booth.
3:35 of 1st period - Shot Misses the Net.
4:39 of 1st period - Off-side.
4:40 of 1st period - Mike Fisher wins face-off versus Patrik Berglund in neutral zone.
4:44 of 1st period - Paul Gaustad is hit by Mike Komisarek and loses puck.
4:45 of 1st period - Minor Penalty to Mike Komisarek for Roughing.
4:46 of 1st period - Henrik Zetterberg wins face-off versus Maxime Talbot in Canadiens zone.
4:51 of 1st period - Shot by Martin Havlat.
4:51 of 1st period - Shot Misses the Net.
6:18 of 1st period - Off-side.
6:19 of 1st period - Henrik Zetterberg wins face-off versus Maxime Talbot in neutral zone.
7:25 of 1st period - R.J. Umberger is hit by Mike Fisher.
7:38 of 1st period - Icing by Mike Fisher.
7:39 of 1st period - Mike Fisher wins face-off versus Evgeni Malkin in Sabres zone.
7:46 of 1st period - Icing by Ossi Vaananen.
7:47 of 1st period - Shawn Horcoff wins face-off versus Nathan Horton in Sabres zone.
7:57 of 1st period - Icing by Mike Fisher.
7:58 of 1st period - Mike Fisher wins face-off versus Maxime Talbot in Sabres zone.
8:07 of 1st period - Icing by David Booth.
8:08 of 1st period - Derek Roy wins face-off versus Maxime Talbot in Canadiens zone.
8:29 of 1st period - Shot by Johan Franzen.
8:29 of 1st period - Stopped by Evgeni Nabokov without a rebound.
8:30 of 1st period - Henrik Zetterberg wins face-off versus Patrik Berglund in Canadiens zone.
8:34 of 1st period - Henrik Zetterberg is hit by Mike Komisarek and loses puck.
9:07 of 1st period - Shot by Thomas Vanek.
9:07 of 1st period - Stopped by Evgeni Nabokov with a rebound.
9:52 of 1st period - Shot by Johan Franzen.
9:52 of 1st period - Stopped by Evgeni Nabokov without a rebound.
9:53 of 1st period - Evgeni Malkin wins face-off versus Tuomo Ruutu in Canadiens zone.
10:14 of 1st period - Shot by Andrei Markov.
10:14 of 1st period - Stopped by Ryan Miller without a rebound.
10:15 of 1st period - Mike Fisher wins face-off versus Maxime Talbot in Sabres zone.
11:11 of 1st period - Icing by Brent Seabrook.
11:12 of 1st period - Henrik Zetterberg wins face-off versus Maxime Talbot in Canadiens zone.
11:39 of 1st period - Shot by Martin Havlat.
11:39 of 1st period - Goal by Martin Havlat - Sabres : 1 - Canadiens : 1.
11:40 of 1st period - Derek Roy wins face-off versus Patrik Berglund in neutral zone.
11:54 of 1st period - Icing by Derek Roy.
11:55 of 1st period - Shawn Horcoff wins face-off versus Derek Roy in Sabres zone.
12:01 of 1st period - Dustin Brown is hit by Keith Ballard and loses puck.
12:07 of 1st period - Derek Roy is hit by Anton Volchenkov and loses puck.
12:18 of 1st period - Shot by Derek Roy.
12:18 of 1st period - Deflect By Johan Franzen.
12:18 of 1st period - Stopped by Evgeni Nabokov without a rebound.
12:19 of 1st period - Mike Fisher wins face-off versus Patrik Berglund in Canadiens zone.
12:28 of 1st period - Shot by Nathan Horton.
12:28 of 1st period - Shot Misses the Net.
12:57 of 1st period - Ken Klee is hit by Paul Gaustad and loses puck.
13:12 of 1st period - Off-side.
13:13 of 1st period - Henrik Zetterberg wins face-off versus Shawn Horcoff in neutral zone.
13:37 of 1st period - Icing by Nicklas Lidstrom.
13:38 of 1st period - Evgeni Malkin wins face-off versus Henrik Zetterberg in Sabres zone.
13:41 of 1st period - Shot by Jason Pominville.
13:41 of 1st period - Deflect By Evgeni Malkin.
13:41 of 1st period - Shot Misses the Net.
14:15 of 1st period - Minor Penalty to Thomas Vanek for Holding.
14:16 of 1st period - Shawn Horcoff wins face-off versus Mike Fisher in Sabres zone.
14:31 of 1st period - Shot by Jason Pominville.
14:31 of 1st period - Deflect By Dustin Brown.
14:31 of 1st period - Shot Blocked by Keith Ballard.
14:43 of 1st period - Shot by Shawn Horcoff.
14:43 of 1st period - Stopped by Ryan Miller without a rebound.
14:44 of 1st period - Evgeni Malkin wins face-off versus Henrik Zetterberg in Sabres zone.
16:11 of 1st period - Icing by Andrei Markov.
16:12 of 1st period - Evgeni Malkin wins face-off versus Mike Fisher in Canadiens zone.
16:24 of 1st period - Tuomo Ruutu is hit by Mike Komisarek and loses puck.
16:59 of 1st period - Icing by Ken Klee.
17:00 of 1st period - Mike Fisher wins face-off versus Patrik Berglund in Canadiens zone.
17:00 of 1st period - Mike Fisher is hit by Mike Komisarek.
17:11 of 1st period - Minor Penalty to Milan Lucic for Holding Stick.
17:12 of 1st period - Derek Roy wins face-off versus Maxime Talbot in Canadiens zone.
17:21 of 1st period - Shot by Tuomo Ruutu.
17:21 of 1st period - Shot Blocked by Anton Volchenkov.
17:23 of 1st period - Shot by Johan Franzen.
17:23 of 1st period - Stopped by Evgeni Nabokov with a rebound.
17:25 of 1st period - Shot by Keith Ballard.
17:25 of 1st period - Stopped by Evgeni Nabokov without a rebound.
17:26 of 1st period - Shawn Horcoff wins face-off versus Henrik Zetterberg in Canadiens zone.
17:41 of 1st period - Shot by Henrik Zetterberg.
17:41 of 1st period - Stopped by Evgeni Nabokov without a rebound.
17:42 of 1st period - Derek Roy wins face-off versus Shawn Horcoff in Canadiens zone.
17:55 of 1st period - Shot by Johan Franzen.
17:55 of 1st period - Stopped by Evgeni Nabokov without a rebound.
17:56 of 1st period - Maxime Talbot wins face-off versus Thomas Vanek in Canadiens zone.
17:56 of 1st period - Maxime Talbot is hit by Martin Havlat.
18:47 of 1st period - Shot by Mark Streit.
18:47 of 1st period - Shot Misses the Net.
19:30 of 1st period - Minor Penalty to Mike Komisarek for Roughing.
19:31 of 1st period - Henrik Zetterberg wins face-off versus Maxime Talbot in Canadiens zone.
19:36 of 1st period - Shot by Henrik Zetterberg.
19:36 of 1st period - Shot Blocked by Maxime Talbot.
19:38 of 1st period - Shot by Martin Havlat.
19:38 of 1st period - Shot Misses the Net.
19:52 of 1st period - Shot by Nicklas Lidstrom.
19:52 of 1st period - Stopped by Evgeni Nabokov without a rebound.
19:53 of 1st period - Derek Roy wins face-off versus Shawn Horcoff in Canadiens zone.
19:54 of 1st period - Shot by Tuomo Ruutu.
19:54 of 1st period - Stopped by Evgeni Nabokov without a rebound.
19:55 of 1st period - Shawn Horcoff wins face-off versus Derek Roy in Canadiens zone.

Period #2

0:01 of 2nd period - Shawn Horcoff wins face-off versus Henrik Zetterberg in neutral zone.
0:14 of 2nd period - Off-side.
0:15 of 2nd period - Derek Roy wins face-off versus Maxime Talbot in neutral zone.
0:38 of 2nd period - Shawn Horcoff is hit by Johan Franzen and loses puck.
0:49 of 2nd period - Maxime Talbot is hit by Tuomo Ruutu and loses puck.
2:37 of 2nd period - Minor Penalty to Zdeno Chara for High sticking.
2:38 of 2nd period - Henrik Zetterberg wins face-off versus Dustin Brown in Sabres zone.
3:09 of 2nd period - Shot by Jason Pominville.
3:09 of 2nd period - Shot Blocked by Mark Streit.
3:59 of 2nd period - Shot by Loui Eriksson.
3:59 of 2nd period - Stopped by Ryan Miller without a rebound.
4:00 of 2nd period - Henrik Zetterberg wins face-off versus Shawn Horcoff in Sabres zone.
4:18 of 2nd period - Loui Eriksson is hit by Mark Streit and loses puck.
4:27 of 2nd period - Shot by Loui Eriksson.
4:27 of 2nd period - Shot Misses the Net.
4:29 of 2nd period - Shot by Tom Gilbert.
4:29 of 2nd period - Shot Misses the Net.
4:46 of 2nd period - R.J. Umberger is hit by Toni Lydman and loses puck.
4:51 of 2nd period - Shot by Milan Lucic.
4:51 of 2nd period - Stopped by Ryan Miller without a rebound.
4:52 of 2nd period - Henrik Zetterberg wins face-off versus Maxime Talbot in Sabres zone.
4:52 of 2nd period - Henrik Zetterberg is hit by Maxime Talbot.
5:15 of 2nd period - Thomas Vanek is hit by Francis Bouillon and loses puck.
5:42 of 2nd period - Minor Penalty to Francis Bouillon for Hooking.
5:43 of 2nd period - Derek Roy wins face-off versus Shawn Horcoff in Canadiens zone.
6:10 of 2nd period - Shot by Keith Ballard.
6:10 of 2nd period - Stopped by Evgeni Nabokov without a rebound.
6:11 of 2nd period - Henrik Zetterberg wins face-off versus Shawn Horcoff in Canadiens zone.
6:14 of 2nd period - Shot by Henrik Zetterberg.
6:14 of 2nd period - Stopped by Evgeni Nabokov with a rebound.
6:16 of 2nd period - Shot by Nicklas Lidstrom.
6:16 of 2nd period - Goal by Nicklas Lidstrom - Sabres : 2 - Canadiens : 1.
6:17 of 2nd period - Patrik Berglund wins face-off versus Mike Fisher in neutral zone.
7:05 of 2nd period - Icing by Ken Klee.
7:06 of 2nd period - Henrik Zetterberg wins face-off versus Patrik Berglund in Canadiens zone.
7:09 of 2nd period - Shot by Thomas Vanek.
7:09 of 2nd period - Shot Misses the Net.
7:43 of 2nd period - Icing by R.J. Umberger.
7:44 of 2nd period - Derek Roy wins face-off versus Patrik Berglund in Canadiens zone.
7:59 of 2nd period - Shot by Derek Roy.
7:59 of 2nd period - Stopped by Evgeni Nabokov with a rebound.
8:01 of 2nd period - Shot by Johan Franzen.
8:01 of 2nd period - Shot Misses the Net.
8:05 of 2nd period - Shot by Derek Roy.
8:05 of 2nd period - Stopped by Evgeni Nabokov with a rebound.
8:07 of 2nd period - Shot by Mark Streit.
8:07 of 2nd period - Shot Misses the Net.
8:09 of 2nd period - Shot by Johan Franzen.
8:09 of 2nd period - Shot Misses the Net.
8:27 of 2nd period - Shot by Evgeni Malkin.
8:27 of 2nd period - Shot Misses the Net.
8:29 of 2nd period - Shot by Andrei Markov.
8:29 of 2nd period - Shot Misses the Net.
8:33 of 2nd period - Shot by Jason Pominville.
8:33 of 2nd period - Shot Misses the Net.
8:35 of 2nd period - Shot by Andrei Markov.
8:35 of 2nd period - Shot Misses the Net.
8:52 of 2nd period - Off-side.
8:53 of 2nd period - Mike Fisher wins face-off versus Shawn Horcoff in neutral zone.
9:05 of 2nd period - Nathan Horton is hit by Anton Volchenkov and loses puck.
9:16 of 2nd period - Shot by Loui Eriksson.
9:16 of 2nd period - Stopped by Ryan Miller with a rebound.
9:20 of 2nd period - Shot by Shawn Horcoff.
9:20 of 2nd period - Shot Blocked by Toni Lydman.
9:24 of 2nd period - Shot by Loui Eriksson.
9:24 of 2nd period - Stopped by Ryan Miller without a rebound.
9:25 of 2nd period - Henrik Zetterberg wins face-off versus Maxime Talbot in Sabres zone.
10:24 of 2nd period - Toni Lydman is hit by Maxime Talbot and loses puck.
11:09 of 2nd period - Shot by Derek Roy.
11:09 of 2nd period - Stopped by Evgeni Nabokov without a rebound.
11:10 of 2nd period - Shawn Horcoff wins face-off versus James Sheppard in Canadiens zone.
11:10 of 2nd period - Shawn Horcoff is hit by Tuomo Ruutu.
11:18 of 2nd period - Shot by Loui Eriksson.
11:18 of 2nd period - Shot Misses the Net.
11:20 of 2nd period - Shot by Dustin Brown.
11:20 of 2nd period - Shot Misses the Net.
11:22 of 2nd period - Shot by Anton Volchenkov.
11:22 of 2nd period - Stopped by Ryan Miller without a rebound.
11:23 of 2nd period - Derek Roy wins face-off versus Shawn Horcoff in Sabres zone.
11:37 of 2nd period - Shot by Johan Franzen.
11:37 of 2nd period - Stopped by Evgeni Nabokov with a rebound.
11:49 of 2nd period - Shot by Tuomo Ruutu.
11:49 of 2nd period - Stopped by Evgeni Nabokov with a rebound.
11:55 of 2nd period - Shot by Johan Franzen.
11:55 of 2nd period - Stopped by Evgeni Nabokov without a rebound.
11:56 of 2nd period - Henrik Zetterberg wins face-off versus Patrik Berglund in Canadiens zone.
12:11 of 2nd period - Shot by Henrik Zetterberg.
12:11 of 2nd period - Shot Blocked by Mike Komisarek.
12:15 of 2nd period - Shot by Henrik Zetterberg.
12:15 of 2nd period - Shot Blocked by Mike Komisarek.
12:19 of 2nd period - Shot by Martin Havlat.
12:19 of 2nd period - Shot Misses the Net.
12:21 of 2nd period - Shot by Zdeno Chara.
12:21 of 2nd period - Stopped by Evgeni Nabokov with a rebound.
12:50 of 2nd period - Off-side.
12:51 of 2nd period - Mike Fisher wins face-off versus Shawn Horcoff in neutral zone.
12:55 of 2nd period - Off-side.
12:56 of 2nd period - Shawn Horcoff wins face-off versus Derek Roy in neutral zone.
13:12 of 2nd period - Shot by Derek Roy.
13:12 of 2nd period - Shot Hit the Post.
13:17 of 2nd period - Loui Eriksson is hit by Keith Ballard and loses puck.
13:27 of 2nd period - Dustin Brown is hit by Mark Streit and loses puck.
13:32 of 2nd period - Shot by Loui Eriksson.
13:32 of 2nd period - Shot Blocked by Keith Ballard.
13:42 of 2nd period - Shot by Jason Pominville.
13:42 of 2nd period - Shot Blocked by Mark Streit.
13:44 of 2nd period - Shot by David Booth.
13:44 of 2nd period - Stopped by Ryan Miller with a rebound.
13:46 of 2nd period - Shot by Brent Seabrook.
13:46 of 2nd period - Stopped by Ryan Miller without a rebound.
13:47 of 2nd period - Evgeni Malkin wins face-off versus Mike Fisher in Sabres zone.
13:48 of 2nd period - Shot by David Booth.
13:48 of 2nd period - Deflect By Jason Pominville.
13:48 of 2nd period - Shot Misses the Net.
13:53 of 2nd period - Minor Penalty to Brent Seabrook for Elbowing.
13:54 of 2nd period - Henrik Zetterberg wins face-off versus Shawn Horcoff in Canadiens zone.
14:56 of 2nd period - Icing by Keith Ballard.
14:57 of 2nd period - Derek Roy wins face-off versus Shawn Horcoff in Sabres zone.
15:41 of 2nd period - Shot by Henrik Zetterberg.
15:41 of 2nd period - Shot Misses the Net.
15:51 of 2nd period - Shot by Nicklas Lidstrom.
15:51 of 2nd period - Shot Blocked by Maxime Talbot.
15:53 of 2nd period - Shot by Henrik Zetterberg.
15:53 of 2nd period - Deflect By Mike Fisher.
15:53 of 2nd period - Shot Misses the Net.
16:00 of 2nd period - Off-side.
16:01 of 2nd period - Patrik Berglund wins face-off versus Mike Fisher in neutral zone.
16:03 of 2nd period - Off-side.
16:04 of 2nd period - Mike Fisher wins face-off versus Patrik Berglund in neutral zone.
16:28 of 2nd period - Shot by Milan Lucic.
16:28 of 2nd period - Shot Blocked by Toni Lydman.
17:10 of 2nd period - Shot by Derek Roy.
17:10 of 2nd period - Shot Misses the Net.
17:12 of 2nd period - Shot by Johan Franzen.
17:12 of 2nd period - Shot Misses the Net.
17:14 of 2nd period - Shot by Keith Ballard.
17:14 of 2nd period - Stopped by Evgeni Nabokov without a rebound.
17:15 of 2nd period - Henrik Zetterberg wins face-off versus Evgeni Malkin in Canadiens zone.
17:28 of 2nd period - Minor Penalty to Henrik Zetterberg for Goalie Interference.
17:29 of 2nd period - Mike Fisher wins face-off versus Evgeni Malkin in Sabres zone.
17:35 of 2nd period - Icing by Brent Seabrook.
17:36 of 2nd period - Evgeni Malkin wins face-off versus Martin Havlat in Canadiens zone.
18:00 of 2nd period - Off-side.
18:01 of 2nd period - Shawn Horcoff wins face-off versus Mike Fisher in neutral zone.
18:34 of 2nd period - Shot by Jason Pominville.
18:34 of 2nd period - Stopped by Ryan Miller without a rebound.
18:35 of 2nd period - Loui Eriksson wins face-off versus Mike Fisher in Sabres zone.
19:01 of 2nd period - Shot by Loui Eriksson.
19:01 of 2nd period - Shot Blocked by Nicklas Lidstrom.
19:03 of 2nd period - Shot by Brent Seabrook.
19:03 of 2nd period - Stopped by Ryan Miller with a rebound.
19:05 of 2nd period - Shot by Andrei Markov.
19:05 of 2nd period - Stopped by Ryan Miller with a rebound.
19:07 of 2nd period - Shot by Loui Eriksson.
19:07 of 2nd period - Shot Misses the Net.
19:33 of 2nd period - Shot by Patrik Berglund.
19:33 of 2nd period - Shot Misses the Net.
19:37 of 2nd period - Shot by Loui Eriksson.
19:37 of 2nd period - Stopped by Ryan Miller without a rebound.
19:38 of 2nd period - Patrik Berglund wins face-off versus Mike Fisher in Sabres zone.
19:41 of 2nd period - Shot by Mike Komisarek.
19:41 of 2nd period - Shot Blocked by Ossi Vaananen.

Period #3

0:01 of 3rd period - David Booth wins face-off versus Henrik Zetterberg in neutral zone.
0:04 of 3rd period - Shot by Evgeni Malkin.
0:04 of 3rd period - Shot Misses the Net.
0:06 of 3rd period - Shot by David Booth.
0:06 of 3rd period - Stopped by Ryan Miller without a rebound.
0:07 of 3rd period - Derek Roy wins face-off versus Shawn Horcoff in Sabres zone.
0:13 of 3rd period - Mark Streit is hit by Anton Volchenkov and loses puck.
0:21 of 3rd period - Dustin Brown is hit by Keith Ballard and loses puck.
0:52 of 3rd period - Keith Ballard is hit by Dustin Brown and loses puck.
1:10 of 3rd period - Andrei Markov is hit by Martin Havlat and loses puck.
1:23 of 3rd period - Shot by Martin Havlat.
1:23 of 3rd period - Deflect By Henrik Zetterberg.
1:23 of 3rd period - Shot Misses the Net.
1:24 of 3rd period - Minor Penalty to Brent Seabrook for Tripping.
1:25 of 3rd period - Henrik Zetterberg wins face-off versus Shawn Horcoff in Canadiens zone.
2:56 of 3rd period - Off-side.
2:57 of 3rd period - Maxime Talbot wins face-off versus Derek Roy in neutral zone.
3:24 of 3rd period - Shot by Blake Comeau.
3:24 of 3rd period - Stopped by Evgeni Nabokov without a rebound.
3:25 of 3rd period - Patrik Berglund wins face-off versus Nathan Horton in Canadiens zone.
3:25 of 3rd period - Patrik Berglund is hit by Paul Gaustad.
3:45 of 3rd period - Shot by Nathan Horton.
3:45 of 3rd period - Shot Misses the Net.
3:47 of 3rd period - Shot by Paul Gaustad.
3:47 of 3rd period - Shot Misses the Net.
4:06 of 3rd period - Off-side.
4:07 of 3rd period - Maxime Talbot wins face-off versus James Sheppard in neutral zone.
4:07 of 3rd period - Maxime Talbot is hit by Tuomo Ruutu.
4:22 of 3rd period - Minor Penalty to Tuomo Ruutu for Boarding.
4:23 of 3rd period - Henrik Zetterberg wins face-off versus Evgeni Malkin in Sabres zone.
4:23 of 3rd period - Henrik Zetterberg is hit by David Booth.
4:30 of 3rd period - Icing by Brent Seabrook.
4:31 of 3rd period - Evgeni Malkin wins face-off versus Henrik Zetterberg in Canadiens zone.
4:41 of 3rd period - Shot by Loui Eriksson.
4:41 of 3rd period - Stopped by Ryan Miller without a rebound.
4:42 of 3rd period - Mike Fisher wins face-off versus Shawn Horcoff in Sabres zone.
5:07 of 3rd period - Shot by Shawn Horcoff.
5:07 of 3rd period - Deflect By Dustin Brown.
5:07 of 3rd period - Shot Misses the Net.
5:19 of 3rd period - Tom Gilbert is hit by Mike Fisher and loses puck.
5:53 of 3rd period - Icing by Jason Pominville.
5:54 of 3rd period - Shawn Horcoff wins face-off versus Mike Fisher in Canadiens zone.
7:00 of 3rd period - Icing by Brent Seabrook.
7:01 of 3rd period - Tuomo Ruutu wins face-off versus Evgeni Malkin in Canadiens zone.
7:04 of 3rd period - Shot by Johan Franzen.
7:04 of 3rd period - Stopped by Evgeni Nabokov with a rebound.
7:20 of 3rd period - Minor Penalty to Brent Seabrook for Hooking.
7:21 of 3rd period - Henrik Zetterberg wins face-off versus Patrik Berglund in Canadiens zone.
7:40 of 3rd period - Shot by Henrik Zetterberg.
7:40 of 3rd period - Shot Hit the Post.
7:42 of 3rd period - Shot by Henrik Zetterberg.
7:42 of 3rd period - Stopped by Evgeni Nabokov without a rebound.
7:43 of 3rd period - Derek Roy wins face-off versus Maxime Talbot in Canadiens zone.
8:07 of 3rd period - Icing by Tuomo Ruutu.
8:08 of 3rd period - Derek Roy wins face-off versus Shawn Horcoff in Sabres zone.
8:08 of 3rd period - Derek Roy is hit by Shawn Horcoff.
8:38 of 3rd period - Shot by Thomas Vanek.
8:38 of 3rd period - Stopped by Evgeni Nabokov without a rebound.
8:39 of 3rd period - Shawn Horcoff wins face-off versus Henrik Zetterberg in Canadiens zone.
9:42 of 3rd period - Shot by Mike Fisher.
9:42 of 3rd period - Shot Misses the Net.
9:59 of 3rd period - Milan Lucic is hit by Ossi Vaananen and loses puck.
10:13 of 3rd period - Minor Penalty to Tuomo Ruutu for Holding Stick.
10:14 of 3rd period - Henrik Zetterberg wins face-off versus Evgeni Malkin in Sabres zone.
10:14 of 3rd period - Henrik Zetterberg is hit by David Booth.
10:34 of 3rd period - Shot by Loui Eriksson.
10:34 of 3rd period - Goal by Loui Eriksson - Sabres : 2 - Canadiens : 2.
10:35 of 3rd period - Maxime Talbot wins face-off versus James Sheppard in neutral zone.
10:58 of 3rd period - Shot by David Booth.
10:58 of 3rd period - Stopped by Ryan Miller without a rebound.
10:59 of 3rd period - Shawn Horcoff wins face-off versus Henrik Zetterberg in Sabres zone.
11:04 of 3rd period - Shot by Loui Eriksson.
11:04 of 3rd period - Stopped by Ryan Miller with a rebound.
11:06 of 3rd period - Shot by Loui Eriksson.
11:06 of 3rd period - Stopped by Ryan Miller without a rebound.
11:07 of 3rd period - Derek Roy wins face-off versus Loui Eriksson in Sabres zone.
11:07 of 3rd period - Derek Roy is hit by Dustin Brown.
13:59 of 3rd period - Shot by Shawn Horcoff.
13:59 of 3rd period - Shot Blocked by Toni Lydman.
14:03 of 3rd period - Shot by Shawn Horcoff.
14:03 of 3rd period - Deflect By Loui Eriksson.
14:03 of 3rd period - Shot Misses the Net.
14:05 of 3rd period - Shot by Loui Eriksson.
14:05 of 3rd period - Shot Misses the Net.
14:07 of 3rd period - Shot by Tom Gilbert.
14:07 of 3rd period - Stopped by Ryan Miller with a rebound.
14:09 of 3rd period - Shot by Shawn Horcoff.
14:09 of 3rd period - Goal by Shawn Horcoff - Sabres : 2 - Canadiens : 3.
14:10 of 3rd period - Henrik Zetterberg wins face-off versus Patrik Berglund in neutral zone.
14:13 of 3rd period - Shot by Martin Havlat.
14:13 of 3rd period - Goal by Martin Havlat - Sabres : 3 - Canadiens : 3.
14:14 of 3rd period - Thomas Vanek wins face-off versus Patrik Berglund in neutral zone.
14:26 of 3rd period - Shot by Milan Lucic.
14:26 of 3rd period - Shot Misses the Net.
14:44 of 3rd period - Patrik Berglund is hit by Henrik Zetterberg and loses puck.
15:20 of 3rd period - Icing by Tom Gilbert.
15:21 of 3rd period - Shawn Horcoff wins face-off versus Johan Franzen in Canadiens zone.
15:21 of 3rd period - Shawn Horcoff is hit by Tuomo Ruutu.
15:26 of 3rd period - Loui Eriksson is hit by Keith Ballard and loses puck.
15:47 of 3rd period - Loui Eriksson is hit by Keith Ballard.
16:29 of 3rd period - Shot by David Booth.
16:29 of 3rd period - Shot Misses the Net.
16:43 of 3rd period - Shot by Henrik Zetterberg.
16:43 of 3rd period - Deflect By Martin Havlat.
16:43 of 3rd period - Shot Blocked by Andrei Markov.
17:17 of 3rd period - Shot by R.J. Umberger.
17:17 of 3rd period - Deflect By Milan Lucic.
17:17 of 3rd period - Stopped by Ryan Miller without a rebound.
17:18 of 3rd period - Shawn Horcoff wins face-off versus Nathan Horton in Sabres zone.
17:18 of 3rd period - Dustin Brown is hit by Toni Lydman and loses puck.
17:49 of 3rd period - Shot by Loui Eriksson.
17:49 of 3rd period - Stopped by Ryan Miller without a rebound.
17:50 of 3rd period - James Sheppard wins face-off versus Patrik Berglund in Sabres zone.
18:27 of 3rd period - Minor Penalty to Zdeno Chara for Hooking.
18:28 of 3rd period - Paul Gaustad wins face-off versus Evgeni Malkin in Sabres zone.
18:50 of 3rd period - Evgeni Malkin is hit by Keith Ballard and loses puck.

Overtime #1

0:01 of 1st overtime period - Derek Roy wins face-off versus Evgeni Malkin in neutral zone.
0:26 of 1st overtime period - Shot by Loui Eriksson.
0:26 of 1st overtime period - Shot Misses the Net.
0:30 of 1st overtime period - Shot by Evgeni Malkin.
0:30 of 1st overtime period - Stopped by Ryan Miller without a rebound.
0:31 of 1st overtime period - Henrik Zetterberg wins face-off versus David Booth in Sabres zone.
0:38 of 1st overtime period - Shot by Henrik Zetterberg.
0:38 of 1st overtime period - Stopped by Evgeni Nabokov without a rebound.
0:39 of 1st overtime period - Derek Roy wins face-off versus David Booth in Canadiens zone.
0:42 of 1st overtime period - Shot by Thomas Vanek.
0:42 of 1st overtime period - Stopped by Evgeni Nabokov with a rebound.
1:06 of 1st overtime period - Shot by Derek Roy.
1:06 of 1st overtime period - Shot Misses the Net.
1:42 of 1st overtime period - Shot by Loui Eriksson.
1:42 of 1st overtime period - Deflect By Evgeni Malkin.
1:42 of 1st overtime period - Shot Blocked by Nicklas Lidstrom.
2:12 of 1st overtime period - Shot by Johan Franzen.
2:12 of 1st overtime period - Stopped by Evgeni Nabokov with a rebound.
2:14 of 1st overtime period - Shot by Henrik Zetterberg.
2:14 of 1st overtime period - Goal by Henrik Zetterberg - Sabres : 4 - Canadiens : 3.


Output by the SimonT Hockey Simulator (STHS) for Stephane Roy -- Original Page W3C XHTML 1.0 Valid